 Dungeon Crawl Stone Soup version 0.17.0-22-g5edae84 (console) character file.

1 gw the Ducker (level 1, 0/10 HPs)
             Began as a Spriggan Gladiator on Nov 13, 2015.
             Slain by a bat (1 damage)
             ... on level 1 of the Dungeon.
             The game lasted 00:00:09 (169 turns).

gw the Ducker (Spriggan Gladiator)                   Turns: 169, Time: 00:00:09

Health: 0/10       AC:  2    Str: 11    XL:     1   Next: 16%
Magic:  2/2        EV: 19    Int:  9    God:
Gold:   6          SH:  0    Dex: 16    Spells: 0 memorised, 0 levels left

rFire  . . .     SeeInvis +     a - +0 rapier
rCold  . . .     Clarity  .     b - +0 robe
rNeg   . . .     SustAt   .     (shield restricted)
rPois  .         Gourm    .     c - +0 hat
rElec  .         Spirit   .     (no cloak)
rCorr  .         Warding  .     (gloves unavailable)
rMut   .         Stasis   .     (boots unavailable)
MR     .....                    (no amulet)
Stlth  +.........               (no ring)
                                (no ring)

@: very quick, not resistant to hostile enchantments, very unstealthy
A: unfitting armour, see invisible, herbivore 3, speed 3, slow metabolism 2
a: no special abilities


You were on level 1 of the Dungeon.
You were not hungry.

You visited 1 branch of the dungeon, and saw 1 of its levels.

You collected 6 gold pieces.

Inventory:

Hand Weapons
 a - a +0 rapier (weapon)
Missiles
 d - 3 throwing nets
Armour
 b - a +0 robe (worn)
 c - a +0 hat (worn)
Scrolls
 f - a scroll of magic mapping {unknown}
Comestibles
 e - a bread ration


   Skills:
 + Level 1.6 Fighting
 * Level 3.3 Short Blades
 - Level 2.0 Throwing
 + Level 4.4 Dodging


You couldn't memorise any spells.
You didn't know any spells.

Dungeon Overview and Level Annotations

Branches:
Dungeon (1/15)

Altars:


Innate Abilities, Weirdness & Mutations

You are tiny and cannot use many weapons and most armour.
You have supernaturally acute eyesight.
You are a herbivore.
You cover ground extremely quickly.
You need consume almost no food.


Message History

You swing at nothing.
The bat misses you. The bat closely misses you.
ATTACKING (-1,0)
You hit the bat.
The bat is almost dead.
The bat completely misses you. The bat closely misses you.
The goblin hits you with a dagger.
Ouch! That really hurt!
ATTACKING (0,1)
You closely miss the goblin. The bat completely misses you.
The goblin closely misses you.
ATTACKING (0,1)
You hit the goblin.
The goblin is moderately wounded.
The bat misses you. The goblin hits you with a dagger.
FLEEEEING!
ATTACKING (0,1)
You hit the goblin but do no damage.
The goblin is moderately wounded.
The goblin closely misses you. The bat hits you.
You die...

## ...# #..# #..#
####### #..### #
#.....# #..bi# .##
#.###.# #.##g###...#
#.# #.# #.##s..g....
####.#
#)####.##..##...#
.....#
#..............##
'###+###+##...##..#####
..#...# #.####.$#
..#~.~# #.# #..#
..#~.~# ~#.. ....


You could see a giant cockroach, a goblin and a bat.

Table legend:
 A = Turns spent in this place as a percentage of turns spent in the entire game.
 B = Non-inter-level travel turns spent in this place as a percentage of non-inter-level travel turns spent in the entire game.
 C = Inter-level travel turns spent in this place as a percentage of turns spent in this place.
 D = Turns resting spent in this place as a percentage of non-inter-level travel turns spent in this place.
 E = Turns spent auto-exploring this place as a percentage of non-inter-level travel turns spent in this place.
 F = Non-inter-level travel turns spent in this place divided by the number of levels of this place that you've seen.
                   A       B       C       D       E      F
               +-------+-------+-------+-------+-------+----------------------
         Total | 100.0 | 100.0 |   0.0 |   1.1 |   2.2 | 184.0
       Dungeon | 100.0 | 100.0 |   0.0 |   1.1 |   2.2 | 184.0
               +-------+-------+-------+-------+-------+----------------------

Table legend:
 A = Kills in this place as a percentage of kills in entire the game.
 B = Kills by you in this place as a percentage of kills by you in the entire game.
 C = Kills by friends in this place as a percentage of kills by friends in the entire game.
 D = Other kills in this place as a percentage of other kills in the entire game.
 E = Experience gained in this place as a percentage of experience gained in the entire game.
 F = Experience gained in this place divided by the number of levels of this place that you have seen.
                   A       B       C       D       E      F
               +-------+-------+-------+-------+-------+----------------------
         Total | 100.0 | 100.0 |  -nan |  -nan | 100.0 |   2.0
       Dungeon | 100.0 | 100.0 |  -nan |  -nan | 100.0 |   2.0
               +-------+-------+-------+-------+-------+----------------------

Vanquished Creatures
  A hobgoblin (D:1)
1 creature vanquished.

Notes
Turn   | Place    | Note
--------------------------------------------------------------
     0 | D:1      | gw the Spriggan Gladiator began the quest for the Orb.
     0 | D:1      | Reached XP level 1. HP: 10/10 MP: 2/2
   169 | D:1      | Slain by a bat

Action                   || total
-------------------------++-------
Melee: Rapier            ||    14

Vault maps used:
D:1:      lightli_arrival_quake
